Map: Crimson Court LE

Players

CorbanDallas - Winner!

  • Race: Protoss Protoss
  • League: Diamond
  • Spawn Location: 7:00

Jextinction

  • Race: Zerg Zerg
  • League: Master
  • Spawn Location: 1:00

VOD

Have the link to the VOD?

Description

Don't know what I did wrong

Time

  • Played on: Oct. 28, 2024, 5:18 p.m.
  • Length: 17:20
Show
View Real Time Build Order
Export as new Build Order

CorbanDallas Protoss - Winner!

Build Orders: Cannon Rush 

Get SALT Encoding   

  12  0:00  Probe  
  13  0:12  Probe  
  14  0:18  Pylon  
  14  0:24  Probe  
  15  0:36  Forge  
  15  0:39  Probe (Chrono Boost)  
  16  0:53  Pylon  
  16  1:04  Pylon  
  16  1:07  Pylon  
  16  1:13  Photon Cannon  
  16  1:24  Gateway  
  16  1:26  Photon Cannon  
  16  1:56  Photon Cannon  
  16  1:57  Probe  
  16  2:00  Assimilator  
  17  2:03  Assimilator  
  17  2:10  Probe  
  18  2:19  Cybernetics Core, Zealot (Chrono Boost)  
  18  2:22  Probe  
  21  2:34  Probe  
  22  2:39  Pylon  
  22  3:04  Stalker (Chrono Boost)  
  24  3:14  Robotics Facility  
  24  3:16  Shield Battery  
  22  3:20  Photon Cannon  
  22  3:26  Shield Battery  
  22  3:28  Shield Battery  
  22  3:31  Stalker  
  24  3:54  Shield Battery  
  24  4:02  Immortal (Chrono Boost)  
  28  4:07  Probe  
  29  4:34  Stalker  
  31  4:41  Observer (Chrono Boost)  
  32  4:57  Pylon  
  32  5:15  Immortal (Chrono Boost)  
  36  5:24  Shield Battery  
  36  5:26  Photon Cannon  
  36  5:28  Photon Cannon  
  36  5:30  Photon Cannon  
  34  5:39  Stalker  
  35  6:15  Warp Prism  
  37  6:42  Stalker  
  37  6:46  Pylon  
  39  6:50  Cybernetics Core  
  39  7:11  Immortal  
  43  7:27  Nexus  
  43  7:28  Pylon  
  43  7:29  Warp Gate (Chrono Boost)  
  43  7:42  Shield Battery  
  43  7:44  Shield Battery  
  42  8:28  Immortal  
  42  8:30  Stalker  
  48  8:39  Gateway  
  48  8:42  Gateway  
  48  9:07  Gateway  
  48  9:13  Probe  
  49  9:25  Probe  
  49  9:27  Sentry  
  52  9:36  Sentry  
  52  9:37  Probe  
  55  9:39  Stalker  
  57  9:49  Probe  
  57  9:52  Observer (Chrono Boost)  
  57  9:58  Unknown  
  57  10:02  Probe  
  57  10:04  Stalker  
  57  10:05  Stalker x2  
  64  10:14  Probe  
  65  10:26  Probe  
  66  10:34  Sentry  
  66  10:35  Stalker  
  69  10:38  Probe  
  69  10:39  Pylon  
  69  10:42  Shield Battery  
  70  10:45  Forge  
  70  10:47  Gateway  
  70  11:05  Stalker  
  70  11:06  Stalker x2  
  76  11:17  Observer  
  77  11:20  Photon Cannon  
  56  12:20  Stalker x2  
  60  12:24  Observer  
  60  12:27  Immortal  
  62  12:36  Observer  
  62  12:40  Pylon  
  62  12:41  Gateway  
  62  13:00  Stalker x3  
  62  13:01  Stalker x2  
  72  13:23  Protoss Ground Weapons Level 1  
  72  13:27  Gateway  
  72  13:38  Observer  
  72  13:50  Robotics Bay  
  72  13:52  Photon Cannon  
  72  13:55  Sentry  
  74  14:19  Probe  
  65  14:31  Probe  
  66  14:43  Probe  
  65  14:52  Stalker x3  
  71  15:12  Pylon  
  71  15:33  Observer  
  70  15:59  Pylon  
  70  16:08  Observer (Chrono Boost)  
  70  16:09  Observer  
  67  16:39  Stalker x4  
Show
View Real Time Build Order
Export as new Build Order

Jextinction Zerg 

Build Orders: Hatch First 

Get SALT Encoding   

  12  0:00  Drone  
  13  0:12  Overlord  
  13  0:17  Drone  
  14  0:31  Drone x2  
  16  0:49  Hatchery  
  15  0:51  Drone  
  15  0:55  Drone  
  17  1:02  Drone  
  18  1:21  Drone  
  18  1:24  Extractor  
  18  1:37  Spawning Pool  
  16  2:12  Overlord  
  16  2:18  Extractor  
  15  2:27  Roach Warren  
  15  2:29  Queen, Drone x3  
  19  2:45  Drone  
  20  2:58  Zergling x2  
  20  3:02  Zergling x2  
  21  3:16  Queen  
  23  3:21  Drone  
  24  3:31  Overlord  
  24  3:51  Drone x2  
  24  3:52  Drone x2  
  28  3:57  Lair  
  28  4:02  Roach  
  30  4:14  Zergling x2  
  30  4:15  Roach  
  33  4:27  Zergling x4  
  33  4:28  Roach  
  37  4:43  Overlord  
  37  4:58  Nydus Network, Roach  
  38  5:00  Overlord  
  38  5:02  Roach  
  38  5:03  Roach, Queen  
  44  5:14  Roach  
  45  5:30  Roach x2  
  49  5:39  Overseer  
  49  5:41  Queen  
  50  5:44  Nydus Canal  
  50  5:46  Zergling x6  
  51  6:08  Zergling x2, Roach  
  49  6:29  Zergling x6  
  46  6:36  Spine Crawler  
  46  6:37  Spine Crawler  
  44  6:42  Zergling x4, Roach  
  48  6:57  Drone  
  48  6:58  Spawning Pool  
  45  7:09  Zergling x4  
  45  7:10  Roach  
  45  7:13  Ravager x3  
  45  7:14  Ravager  
  53  7:41  Overlord x2  
  53  8:04  Queen  
  52  8:09  Nydus Canal  
  52  8:10  Zergling x4  
  52  8:11  Roach  
  55  8:32  Roach  
  56  8:38  Nydus Canal  
  56  8:51  Roach x2  
  60  9:07  Overlord x2  
  58  9:16  Nydus Canal  
  58  9:23  Roach x3  
  63  9:39  Baneling Nest  
  62  9:47  Hatchery  
  61  9:53  Drone x2  
  63  10:32  Zergling x6, Roach  
  63  10:33  Roach x2  
  63  10:34  Ravager x3  
  63  10:35  Ravager  
  76  10:44  Zergling x2  
  77  11:08  Baneling x12  
  77  11:14  Roach x4  
  84  11:29  Drone x3  
  64  12:14  Roach x6  
  59  12:25  Roach x2  
  60  12:41  Roach x2  
  64  12:48  Ravager x4  
  68  13:04  Roach x3  
  74  13:10  Ravager  
  74  13:11  Ravager  
  76  13:30  Hydralisk Den  
  75  13:36  Drone x3  
  75  13:37  Drone  
  75  13:39  Roach  
  75  13:40  Roach x2  
  85  13:43  Overseer  
  85  13:44  Ravager  
  71  14:18  Hydralisk, Lurker Den  
  71  14:19  Hydralisk x2  
  76  14:32  Roach x3  
  76  14:33  Roach x4  
  66  15:09  Hydralisk  
  68  15:15  Lurker  
  69  15:31  Hydralisk x2  
  69  15:33  Overseer  
  73  15:40  Lurker  
  72  16:01  Lurker x2  
  69  16:18  Overseer  
  65  16:21  Roach  
  65  16:22  Roach x3  
  70  16:39  Zergling x2  
  39  17:02  Overseer  
Tags
 
Add a new tag
Caveats
  • Supply blocks, unpowered buildings, or Contaminate may cause inaccurate times.
  • Supply counts are checked every 10 seconds.